 Dungeon Crawl Stone Soup version 0.24.0-2-g5b39cebb1c (webtiles) character file.

Game seed: 3768816692920528854, levelgen mode: deterministic

258 dembora the Poker (level 6, -1/47 HPs)
             Began as a Merfolk Skald on Oct 29, 2019.
             Slain by a river rat (8 damage)
             ... in a sewer on Oct 31, 2019.
             The game lasted 00:30:52 (5524 turns).

dembora the Poker (Merfolk Skald)                   Turns: 5524, Time: 00:30:53

Health: -1/47      AC:  4    Str: 12    XL:     6   Next: 16%
Magic:  8/9        EV: 16    Int: 14    God:
Gold:   184        SH:  0    Dex: 13    Spells: 5/10 levels left

rFire    . . .     SeeInvis .   o - +1 trident (venom)
rCold    . . .     Gourm    .   (no shield)
rNeg     . . .     Faith    .   t - +0 leather armour
rPois    .         Spirit   .   (no helmet)
rElec    .         Reflect  .   d - +0 cloak
rCorr    .         Harm     .   (no gloves)
MR       .....                  (boots currently unavailable)
Stlth    ++........             q - amulet of the acrobat
HPRegen  0.15/turn              (no ring)
MPRegen  0.11/turn              (no ring)

@: singing, very quick
A: change form in water, swift swim, stealthy swim
a: no special abilities


You were in a sewer.
You were not hungry.

You visited 1 branch of the dungeon, and saw 4 of its levels.
You also visited: Sewer.

You collected 184 gold pieces.

Inventory:

Hand Weapons
 a - a +0 spear
 o - a +1 trident of venom (weapon)
Armour
 b - a +0 leather armour
 d - a +0 cloak (worn)
 e - a +0 leather armour
 t - a +0 leather armour (worn)
Jewellery
 q - an amulet of the acrobat (around neck)
Scrolls
 c - 3 scrolls of teleportation
 f - 2 scrolls of immolation {unknown}
 g - a scroll of fear {unknown}
 h - a scroll of noise {unknown}
 i - 3 scrolls of identify
 j - a scroll of enchant armour {unknown}
 k - a scroll of magic mapping {unknown}
 m - a scroll of amnesia {unknown}
 n - 5 scrolls of remove curse
Potions
 p - 2 potions of curing
 r - 3 potions of heal wounds {unknown}
 s - 2 potions of might {unknown}
 u - a potion of mutation {unknown}
 v - a potion of haste {unknown}
Comestibles
 l - 3 rations
 w - 3 chunks of flesh


   Skills:
 + Level 3.1 Fighting
 + Level 5.4 Polearms
 + Level 2.4 Armour
 + Level 3.5 Dodging
 + Level 1.2 Stealth
 + Level 2.5 Spellcasting
 + Level 3.6 Charms


You had 5 spell levels left.
You knew the following spells:

 Your Spells              Type           Power        Failure   Level  Hunger
a - Infusion              Chrm           ##..         7%          1    #......
b - Song of Slaying       Chrm           ##......     10%         2    ###....
c - Shroud of Golubria    Chrm/Tloc      #.....       21%         2    ###....

Your spell library contained the following spells:

 Spells                   Type           Power        Failure   Level  Hunger
 Regeneration             Chrm/Necr      #.........   38%         3    ###....
 Spectral Weapon          Hex/Chrm       #.......     38%         3    ###....


Dungeon Overview and Level Annotations

Branches:
Dungeon (4/15)              Sewer (1/1)
 Temple: D:4-7

Altars:
Fedhas
Kikubaaqudgha
Qazlal
Yredelemnul


Message History

You completely miss the river rat.
The river rat is almost dead.
You kill the river rat!
The river rat bites you. The river rat misses you.
The river rat barely misses you. The river rat misses you.
You hit the river rat but do no damage.
The river rat is poisoned.
The river rat misses you. The river rat bites you.
The river rat closely misses you. x2; The river rat bites you.
* * * LOW HITPOINT WARNING * * *
You closely miss the river rat. You tail-slap the river rat.
The river rat is moderately wounded.
The river rat closely misses you. x2; The river rat barely misses you.
The river rat bites you!
* * * LOW HITPOINT WARNING * * *
The river rat completely misses you.
You feel better. The river rat completely misses you. The river rat misses you.
The river rat bites you.
* * * LOW HITPOINT WARNING * * *
The river rat bites you!
You die...

....###........+
r..............#
#...........≈≈# .
##......##≈≈≈#### .
.##.....≈##≈≈≈≈≈#≈#≈
..........≈...≈.≈≈%≈≈≈≈#≈#≈#
..≈.≈..≈..≈≈≈≈≈≈r≈≈≈≈≈≈≈#≈#
≈≈≈≈≈≈≈≈≈≈≈≈≈≈≈rrr≈≈≈≈≈#≈#
≈≈≈≈≈≈≈≈≈≈≈≈≈≈≈r@r≈≈≈≈≈≈#≈#
≈≈≈≈..≈≈.≈≈≈≈≈≈≈≈≈≈≈≈≈≈#≈#
≈≈.......≈≈.≈≈≈≈≈≈≈≈≈≈≈###
.≈........≈≈≈.≈≈≈≈≈≈≈≈≈#
..........†÷...≈≈≈.≈...#
..........÷............+
.......................#
......##...............#
.##..#####......###..###


You could see 5 river rats and a rat.

Vanquished Creatures
  Jessica (D:2)
  A worker ant (D:4)
  4 river rats (Sewer)
  7 adders
  An ooze (D:1)
  An adder skeleton (D:4)
  6 worms
  2 leopard geckos
  2 orcs (D:3)
  4 ball pythons
  4 bats
  3 giant cockroaches
  4 goblins
  10 hobgoblins
  4 jackals (D:3)
  3 quokkas
  5 frilled lizards
  7 kobolds
  21 rats
  A spectral orc (D:2)
91 creatures vanquished.

Notes
Turn   | Place    | Note
-------+----------+-------------------------------------------
     0 | D:1      | dembora the Merfolk Skald began the quest for the Orb.
     0 | D:1      | Reached XP level 1. HP: 16/16 MP: 3/3
  1014 | D:1      | Reached XP level 2. HP: 22/22 MP: 5/5
  1309 | D:1      | Learned a level 2 spell: Song of Slaying
  1312 | D:1      | Learned a level 2 spell: Shroud of Golubria
  1675 | D:1      | Reached skill level 1 in Armour
  1941 | D:2      | Reached XP level 3. HP: 28/28 MP: 6/6
  2459 | D:2      | Reached XP level 4. HP: 31/34 MP: 4/7
  2638 | D:2      | Reached skill level 4 in Polearms
  2894 | D:2      | Noticed Jessica
  2909 | D:2      | Killed Jessica
  3159 | D:2      | Reached XP level 5. HP: 40/40 MP: 8/8
  3308 | D:2      | Found a basalt altar of Yredelemnul.
  3548 | D:3      | Found a faded altar of an unknown god.
  3966 | D:3      | Reached skill level 1 in Stealth
  4416 | D:3      | Found a stormy altar of Qazlal.
  4849 | D:4      | Found an ancient bone altar of Kikubaaqudgha.
  4912 | D:4      | Found a blossoming altar of Fedhas.
  4935 | D:4      | Reached skill level 5 in Polearms
  4952 | D:4      | Found a glowing drain.
  4975 | Sewer    | Entered a sewer
  5020 | Sewer    | Reached XP level 6. HP: 12/47 MP: 4/9
  5524 | Sewer    | Slain by a river rat

Levels and vault maps discovered:
D:1:      lightli_arrival_statue_moat, layout_basic, columned_hall_lemuel,
          minmay_tetromino_i4
D:2:      layout_loops_ring, yredelemnul_forgotten_temple_becter, uniq_jessica
D:3:      kennysheep_six_static_rooms, layout_basic,
          nicolae_qazlal_general_emergency, chequers_ecumenical_altar_simple
D:4:      layout_basic, overflow_temple_1_default,
          nicolae_overflow_hidden_temple, temple_doors_e,
          cheibrodos_sewer_entry_bend
Sewer:    sewer_minmay_treatment

Skill      XL: |  1  2  3  4  5 |
---------------+----------------+-----
Armour         | 1 2 |  2.4
Dodging        | 3 |  3.5
Polearms       | 4 5 |  5.4
Stealth        | 1 |  1.2
Fighting       | 3 |  3.1
Spellcasting   | |  2.5
Charms         | |  3.6

Action                   |  1- 3 |  4- 6 || total
-------------------------+-------+-------++-------
Melee: Spear             |   143 |       ||   143
       Trident           |     3 |   170 ||   173
       Tailslap          |       |     1 ||     1
 Cast: Infusion          |     5 |     2 ||     7
       Song of Slaying   |     1 |     4 ||     5
       Shroud of Golubri |       |     1 ||     1
  Use: Scroll            |     2 |     1 ||     3
       Potion            |       |     2 ||     2
 Stab: Sleeping          |       |     2 ||     2
  Eat: Chunk             |     2 |     6 ||     8
       Ration            |     1 |     1 ||     2
Armor: Leather armour    |    27 |    36 ||    63
Dodge: Dodged            |    80 |   164 ||   244
